 Dungeon Crawl Stone Soup version 0.31.0-12-g77e489cdc1 (webtiles) character file.

Game seed: 7444953346488902465

394 booth the Trooper (level 6, -4/50 HPs)
             Began as a Demonspawn Monk on Feb 14, 2024.
             Was a Plaything of Xom.
             Slain by an ogre
             ... wielding a +0 giant club
              (23 damage)
             ... on level 4 of the Dungeon.
             The game lasted 00:20:40 (3136 turns).

booth the Trooper (Demonspawn Monk)                 Turns: 3136, Time: 00:20:41

Health: -4/50      AC:  4    Str: 14    XL:     6   Next: 51%
Magic:  6/6        EV: 13    Int: 10    God:    Xom [.*....]
Gold:   172        SH:  0    Dex: 15    Spells: 5/5 levels left

rFire   . . .        a - +0 hand axe
rCold   + . .        d - orb {light}
rNeg    . . .        i - +1 leather armour
rPois   .            (no helmet)
rElec   .            (no cloak)
rCorr   .            (no gloves)
SInv    .            (no boots)
Will    .....        (no amulet)
Stlth   +            e - ring of protection from cold
HPRegen 0.28/turn    (no ring)
MPRegen 0.10/turn

%: random rage (3%)
@: glowing
A: foul stench 2, powered by pain 2, berserk 1, inability to drink after injury
1
a: Renounce Religion


You were on level 4 of the Dungeon.
You worshipped Xom.
You were a plaything of Xom.
You visited 1 branch of the dungeon, and saw 4 of its levels.

You collected 208 gold pieces.
You spent 36 gold pieces at shops.

Inventory:

Hand Weapons
 a - a +0 hand axe (weapon)
 b - a +0 war axe
 m - a +0 mace
Armour
 d - an orb of light (worn)
 f - a +0 chain mail
 i - a +1 leather armour (worn)
Jewellery
 e - a ring of protection from cold (left hand)
 p - a ring of ice
Wands
 n - a wand of digging (5)
 u - a wand of paralysis (5)
Scrolls
 q - a scroll of immolation {unknown}
 r - a scroll of teleportation
Potions
 g - a potion of enlightenment
 h - a potion of brilliance
 k - 2 potions of haste
 o - a potion of resistance {unknown}
 t - a potion of might {unknown}


   Skills:
 + Level 4.9 Fighting
 * Level 4.7 Axes
 - Level 4.1 Dodging


You had 5 spell levels left.
You didn't know any spells.
Your spell library contained the following spells:

 Spells                   Type           Power      Damage    Failure   Level
 Cigotuvi's Dreadful Rot  Necr/Alch/Air  0%         N/A       58%         2
 Ensorcelled Hibernation  Hex/Ice        0%         N/A       58%         2
 Static Discharge         Conj/Air       0%         3-3/arc   58%         2
 Fugue of the Fallen      Necr           0%         N/A       82%         3
 Airstrike                Air            0%         2d(0-16)  99%         4
 Anguish                  Hex/Necr       0%         N/A       99%         4
 Ignite Poison            Fire/Alch      0%         N/A       99%         4
 Summon Lightning Spire   Summ/Air       0%         N/A       99%         4
 Freezing Cloud           Conj/Ice/Air   0%         6-21      100%        5
 Summon Forest            Summ/Tloc      0%         N/A       100%        5
 Eringya's Noxious Bog    Alch           0%         4d6       100%        6
 Summon Hydra             Summ           0%         N/A       100%        7


Dungeon Overview and Level Annotations

Branches:
Dungeon (4/15)
 Temple: D:4-7

Altars:
Ashenzari
Makhleb
Okawaru
Trog
Vehumet
Xom

Shops:
D:3 *

Annotations:
D:1 2 runed translucent doors
D:3 exclusion: statue


Innate Abilities, Weirdness & Mutations

You sometimes emit foul miasma when damaged in melee.
You sometimes gain power by taking damage.
You sometimes lose your temper in combat.
You occasionally lose the ability to drink potions when taking damage.


Message History

Throw: 4 darts (poison)
Press: ? - help, Q - select action, (/) - cycle Shift-Dir - straight line, f - ynoxinul
Aim: a ynoxinul (lightly wounded, 57% to hit)
You throw a poisoned dart.
The poisoned dart barely misses the ynoxinul.
Throw: 3 darts (poison)
Press: ? - help, Q - select action, (/) - cycle Shift-Dir - straight line, f/p - ynoxinul
Aim: a ynoxinul (lightly wounded, 57% to hit)
You throw a poisoned dart. The poisoned dart hits the ynoxinul.
The ynoxinul is lightly wounded.
Throw: 2 darts (poison)
Press: ? - help, Q - select action, (/) - cycle Shift-Dir - straight line, f/p - ynoxinul
Aim: a ynoxinul (lightly wounded, 57% to hit)
You throw a poisoned dart. The poisoned dart hits the ynoxinul.
The ynoxinul is lightly wounded.
Throw: dart (poison)
Press: ? - help, Q - select action, (/) - cycle Shift-Dir - straight line, f/p - ynoxinul
Aim: a ynoxinul (lightly wounded, haloed, 77% to hit)
You throw a poisoned dart. The poisoned dart hits the ynoxinul.
The ynoxinul is poisoned.
The ynoxinul is lightly wounded.
You hit the ynoxinul.
The ynoxinul is heavily wounded.
The ynoxinul closely misses you.
You hit the ynoxinul.
The ynoxinul is heavily wounded.
The ynoxinul hits you.
You emit a cloud of foul miasma!
The ynoxinul barely misses you.
You hit the ynoxinul.
The ynoxinul is heavily wounded.
The ynoxinul barely misses you.
You barely miss the ynoxinul.
The ynoxinul is heavily wounded.
The ynoxinul hits you but does no damage.
You hit the ynoxinul.
The ynoxinul is severely wounded.
You completely miss the ogre.
The ynoxinul looks more healthy.
The ogre hits you with a +0 giant club!!
You die...
Xom is highly amused!

#..........###.....
#..........# #.####
#.........(# #.
#.....((#### #
#....(..# #...(...#
#.......# #.3O....#
#.@.....# #+
######### #. .. ..
.. #. #. # .


You could see a ynoxinul and an ogre.

Vanquished Creatures
  Sigmund (D:2)
  A hound (D:3)
  A jelly (D:4)
  Natasha (thrice) (D:2)
  7 adders
  An ufetubus (D:4)
  A ribbon worm (D:2)
  2 orcs (D:3)
  An endoplasm (D:1)
  2 giant cockroaches (D:1)
  7 goblins
  3 hobgoblins (D:3)
  3 jackals (D:1)
  2 quokkas
  6 ball pythons (D:1)
  4 bats
  6 frilled lizards
  5 rats
56 creatures vanquished.

Notes
Turn   | Place    | Note
-------+----------+-------------------------------------------
     0 | D:1      | booth the Demonspawn Monk began the quest for the Orb.
     0 | D:1      | Reached XP level 1. HP: 18/18 MP: 1/1
    64 | D:1      | Found a large runed translucent door.
    64 | D:1      | Found a large runed translucent door.
   151 | D:1      | Gained mutation: You sometimes gain a little power by
                  | taking damage. [demonic ancestry]
   151 | D:1      | Reached XP level 2. HP: 19/24 MP: 2/2
   463 | D:1      | Found a faded altar of an unknown god.
   497 | D:1      | Prayed at the altar of an unknown god.
   497 | D:1      | Became a worshipper of Xom the Begetter of Turbulence
   533 | D:1      | XOM: silly message
   920 | D:2      | Noticed Natasha
   924 | D:2      | XOM: butterfly on damage
   925 | D:2      | XOM: potion effect (haste)
  1024 | D:2      | Killed Natasha
  1025 | D:2      | Reached XP level 3. HP: 29/29 MP: 3/3
  1046 | D:2      | Noticed Natasha
  1052 | D:2      | XOM: silly message
  1053 | D:2      | XOM: silly message
  1056 | D:2      | Killed Natasha
  1057 | D:2      | Gained mutation: You sometimes gain power by taking damage.
                  | [demonic ancestry]
  1057 | D:2      | Reached XP level 4. HP: 20/37 MP: 4/4
  1131 | D:2      | XOM: cloud trail
  1198 | D:2      | Noticed Natasha
  1263 | D:2      | XOM: silly message
  1289 | D:2      | Noticed Sigmund
  1309 | D:2      | Killed Sigmund
  1310 | D:2      | Gained mutation: You may rarely emit foul miasma when
                  | damaged in melee. [demonic ancestry]
  1310 | D:2      | Reached XP level 5. HP: 23/43 MP: 5/5
  1455 | D:2      | XOM: fog
  1480 | D:2      | Killed Natasha
  1611 | D:2      | XOM: 9-stop teleportation journey
  1691 | D:2      | Gained mutation: You sometimes emit foul miasma when
                  | damaged in melee. [demonic ancestry]
  1691 | D:2      | Reached XP level 6. HP: 48/49 MP: 6/6
  2060 | D:3      | Found a broken altar of Ashenzari.
  2077 | D:3      | XOM: give mutations
  2077 | D:3      | Gained mutation: You occasionally lose the ability to drink
                  | potions when taking damage. [Xom's mischief]
  2077 | D:3      | Gained mutation: You sometimes lose your temper in combat.
                  | [Xom's mischief]
  2234 | D:3      | Found a bloodstained altar of Trog.
  2286 | D:3      | Found a radiant altar of Vehumet.
  2315 | D:3      | Found an iron altar of Okawaru.
  2637 | D:3      | Found a burning altar of Makhleb.
  2657 | D:3      | Found Fuptip's General Store.
  2664 | D:3      | Bought a scroll of teleportation for 36 gold pieces
  3071 | D:4      | XOM: snakes to sticks
  3077 | D:4      | an ufetubus changed into a ynoxinul
  3077 | D:4      | Noticed a ynoxinul
  3077 | D:4      | XOM: polymorph ufetubus -> ynoxinul
  3136 | D:4      | Slain by an ogre

Illustrated notes

Levels and vault maps discovered:
D:1:      erik_arrival_cave_to_civilisation [erik_arrival_cave_to_temple],
          layout_basic, nicolae_ecumenical_snake_handling
D:2:      layout_loops_cross, uniq_natasha, uniq_sigmund
D:3:      layout_basic, lemuel_coloured_pillars_altar, vehumet_statue,
          mainiacjoe_overflow_small_starburst, mainiacjoe_overflow_alcove_1,
          evilmike_ruin_ashenzari, serial_shops, shop
D:4:      layout_basic, serial_demonic, serial_demonic_d, serial_demonic_f,
          serial_demonic_f, serial_demonic_e, uniq_robin

Skill      XL: |  1  2  3  4 |
---------------+-------------+-----
Axes           | 3 4 |  4.7
Dodging        | 3 4 |  4.1
Fighting       | 4 |  4.9

Action                     |  1- 3 |  4- 6 || total
---------------------------+-------+-------++-------
  Melee: Hand axe          |    57 |   110 ||   167
  Throw: Dart              |       |    33 ||    33
    Use: Scroll            |     3 |     5 ||     8
         Potion            |       |     4 ||     4
 Armour: Robe              |    16 |       ||    16
         Leather armour    |    10 |    88 ||    98
  Dodge: Dodged            |    45 |    89 ||   134
